 Dungeon Crawl Stone Soup version 0.27-a0-1081-ge8a0a9c698 (webtiles) character file.

Game seed: 1848004640181645600

193 shoop the Shooter (level 5, 0/45 HPs)
             Began as a Ghoul Hunter on Apr 25, 2021.
             Slain by an iguana (6 damage)
             ... on level 3 of the Dungeon.
             The game lasted 00:06:22 (4447 turns).

shoop the Shooter (Ghoul Hunter)                    Turns: 4447, Time: 00:06:23

Health: 0/45       AC:  4    Str: 16    XL:     5   Next: 72%
Magic:  4/4        EV: 11    Int: 12    God:
Gold:   117        SH:  0    Dex: 10    Spells: 4/4 levels left

rFire    . . .     SeeInvis .   a - +1 shortbow
rCold    + . .     Faith    .   (shield currently unavailable)
rNeg     + + +     Spirit   .   c - +0 leather armour
rPois    ∞         Reflect  .   p - +0 helmet
rElec    .         Harm     .   (no cloak)
rCorr    .         Rampage  .   (no gloves)
Will     +....                  (no boots)
Stlth    +.........             (no amulet)
HPRegen  0.00/turn              h - ring of willpower
MPRegen  0.09/turn              n - +6 ring of intelligence

@: no status effects
A: claws 1, cold resistance 1, negative energy resistance 3, inhibited
regeneration, torment resistance 2, unbreathing 1
a: no special abilities


You were on level 3 of the Dungeon.
You visited 1 branch of the dungeon, and saw 3 of its levels.

You collected 117 gold pieces.

Inventory:

Hand Weapons
 a - a +1 shortbow (weapon)
 b - a +0 war axe
 j - a +0 short sword
Missiles
 d - 30 arrows (quivered ammo)
Armour
 c - a +0 leather armour (worn)
 p - a +0 helmet (worn)
Jewellery
 h - a ring of willpower (left claw)
 n - a +6 ring of intelligence (right claw)
Wands
 o - a wand of flame (18)
Scrolls
 e - a scroll of torment {unknown}
 k - a scroll of fear {unknown}
 m - a scroll of teleportation {unknown}
Potions
 f - a potion of curing {unknown}
 g - 2 potions of heal wounds {unknown}
 i - a potion of berserk rage {unknown}
 l - a potion of ambrosia {unknown}


   Skills:
 + Level 3.6 Fighting
 * Level 5.6 Bows
 - Level 1.7 Dodging
 - Level 1.1 Stealth


You had 4 spell levels left.
You didn't know any spells.
Your spell library was empty.

Dungeon Overview and Level Annotations

Branches:
Dungeon (3/15)

Altars:
Nemelex Xobeh


Innate Abilities, Weirdness & Mutations

You thrive by killing the living.
You are immune to poison.
You have sharp fingernails.
Your flesh is cold resistant. (rC+)
You are immune to negative energy. (rN+++)
You do not regenerate when monsters are visible.
You are immune to unholy pain and torment.
You can survive without breathing.


Message History

Unknown command.
Fire: 36 arrows
Press: ? - help, Q - select action, (/) - cycle Shift-Dir - straight line, f/p - iguana
Aim: an iguana (moderately wounded, 64% to hit)
You shoot an arrow. The arrow hits the iguana!
The iguana is severely wounded.
The iguana barely misses you.
Fire: 35 arrows
Press: ? - help, Q - select action, (/) - cycle Shift-Dir - straight line, f/p - iguana
Aim: an iguana (severely wounded, 64% to hit)
You shoot an arrow.
The arrow hits the iguana but does no damage.
The iguana is severely wounded.
The iguana barely misses you.
Fire: 34 arrows
Press: ? - help, Q - select action, (/) - cycle Shift-Dir - straight line, f/p - iguana
Aim: an iguana (severely wounded, 64% to hit)
You shoot an arrow.
The arrow hits the iguana but does no damage.
The iguana is severely wounded.
The iguana completely misses you.
Fire: 33 arrows
Press: ? - help, Q - select action, (/) - cycle Shift-Dir - straight line, f/p - iguana
Aim: an iguana (severely wounded, 64% to hit)
You shoot an arrow. The arrow closely misses the iguana.
The iguana closely misses you.
Unknown command.
Fire: 32 arrows
Press: ? - help, Q - select action, (/) - cycle Shift-Dir - straight line, f/p - iguana
Aim: an iguana (severely wounded, 64% to hit)
You shoot an arrow. The arrow hits the iguana.
The iguana is almost dead.
The iguana bites you.
* * * LOW HITPOINT WARNING * * *
Fire: 31 arrows
Press: ? - help, Q - select action, (/) - cycle Shift-Dir - straight line, f/p - iguana
Aim: an iguana (almost dead, 64% to hit)
You shoot an arrow. The arrow closely misses the iguana.
The iguana bites you.
You die...

#......# #......# #......#
#......# #......# #......#
#......# ##########
#......####........#######
+.(....(l@......).........
#......###..........####.#
######## #[.........####.#
##.#######.##.... #)##
#.##.#.. ####..###
#.##.#.. #.......#
#.##.#.. #.......#
#.##.#.# #.......# #.
#.#..


You could see an iguana.

Vanquished Creatures
  Jessica (D:2)
  Robin (D:3)
  3 adders
  4 gnolls (D:2)
  4 worms
  6 ball pythons
  9 endoplasms
  11 goblins
  9 hobgoblins
  6 jackals
  4 quokkas
  3 bats
  A frilled lizard (D:2)
  7 kobolds
  5 rats
74 creatures vanquished.

Vanquished Creatures (others)
  9 plants (D:3)
9 creatures vanquished.

Grand Total: 83 creatures vanquished

Notes
Turn   | Place    | Note
-------+----------+-------------------------------------------
     0 | D:1      | shoop the Ghoul Hunter began the quest for the Orb.
     0 | D:1      | Reached XP level 1. HP: 17/17 MP: 0/0
   239 | D:1      | Reached skill level 4 in Bows
   239 | D:1      | Reached XP level 2. HP: 21/24 MP: 1/1
  1728 | D:2      | Reached XP level 3. HP: 3/30 MP: 2/2
  2222 | D:2      | Reached XP level 4. HP: 36/37 MP: 3/3
  2227 | D:2      | Reached skill level 5 in Bows
  3199 | D:2      | Noticed Jessica
  3209 | D:2      | Killed Jessica
  3210 | D:2      | Reached XP level 5. HP: 45/45 MP: 4/4
  3543 | D:3      | Found a sparkling altar of Nemelex Xobeh.
  3901 | D:3      | Noticed Robin
  4156 | D:3      | Killed Robin
  4199 | D:3      | Found a faded altar of an unknown god.
  4447 | D:3      | Slain by an iguana

Illustrated notes

Levels and vault maps discovered:
D:1:      amcnicky_arrival_flooded_fountain, layout_basic
D:2:      layout_basic, uniq_jessica
D:3:      layout_basic, lemuel_round_altar, chequers_ecumenical_altar_lobes,
          uniq_robin

Skill      XL: |  1  2  3  4 |
---------------+-------------+-----
Bows           | 4 5 |  5.6
Fighting       | 3 |  3.6
Dodging        | |  1.7
Stealth        | |  1.1

Action                   |  1- 3 |  4- 6 || total
-------------------------+-------+-------++-------
Melee: Short sword       |    95 |    80 ||   175
       War axe           |       |    80 ||    80
 Fire: Shortbow          |    28 |    37 ||    65
 Stab: Sleeping          |       |     1 ||     1
Armor: Leather armour    |    19 |    46 ||    65
Dodge: Dodged            |    46 |   126 ||   172

Table legend: (Time is in decaauts)
 A = Elapsed time spent in this place.
 B = Non-inter-level travel time spent in this place.
 C = Inter-level travel time spent in this place.
 D = Time resting spent in this place.
 E = Time spent auto-exploring this place.
 F = Levels seen in this place.
 G = Mean time per level.
                   A        B        C        D        E       F      G
               +--------+--------+--------+--------+--------+-----+--------+
         Total |   4493 |   4393 |    100 |    391 |   3302 |   3 | 1497.7 |
       Dungeon |   4493 |   4393 |    100 |    391 |   3302 |   3 | 1497.7 |
               +--------+--------+--------+--------+--------+-----+--------+

Top non-repeatable levels by time:
     D:2: 2314 daAuts
     D:1: 1394 daAuts
     D:3: 784 daAuts
